 Dungeon Crawl Stone Soup version 0.24.0-10-g970556be89 (webtiles) character file.

Game seed: 6308166949814921725, levelgen mode: deterministic

69 Iskender the Sneak (level 4, -1/31 HPs)
             Began as an Octopode Chaos Knight on Nov 4, 2019.
             Was a Plaything of Xom.
             Slain by a gnoll
             ... wielding a +0 spear
              (3 damage)
             ... on level 2 of the Dungeon.
             The game lasted 00:04:34 (1387 turns).

Iskender the Sneak (Octopode Chaos Knight)          Turns: 1387, Time: 00:04:34

Health: -1/31      AC:  1    Str: 13    XL:     4   Next: 20%
Magic:  4/4        EV: 13    Int: 15    God:    Xom [...*..]
Gold:   24         SH:  0    Dex: 11    Spells: 3/3 levels left

rFire    . . .     SeeInvis .   a - +0 spear (chaos)
rCold    . . .     Gourm    .   (no shield)
rNeg     . . .     Faith    .   (helmet restricted)
rPois    .         Spirit   .   (no amulet)
rElec    .         Reflect  .   (no ring)
rCorr    .         Harm     .   (no ring)
MR       .....                  (no ring)
Stlth    ++++......             (no ring)
HPRegen  0.10/turn              (no ring)
MPRegen  0.09/turn              (no ring)
                                (no ring)
                                (no ring)

@: no status effects
A: almost no armour, stealthy swim, amphibious, 8 rings, constrict 8, camouflage
1, sense surroundings 1, strong 1, gelatinous body 1, MP-powered wands
a: Renounce Religion


You were on level 2 of the Dungeon.
You worshipped Xom.
You were a favourite toy of Xom.
You were hungry.

You visited 1 branch of the dungeon, and saw 3 of its levels.

You collected 24 gold pieces.

Inventory:

Hand Weapons
 a - a +0 spear of chaos (weapon)
 n - a +0 falchion
Missiles
 j - 7 poisoned darts (quivered)
 m - 2 silver boomerangs
 o - 3 boomerangs
Scrolls
 c - a scroll of identify
 d - 2 scrolls of teleportation
 f - a scroll of enchant armour
 h - a scroll of remove curse
Potions
 e - 2 potions of curing
 g - a potion of lignification
 i - a potion of agility
 l - a potion of brilliance
Comestibles
 b - 7 rations


   Skills:
 - Level 3.0 Fighting
 - Level 3.0 Polearms
 + Level 2.6 Dodging
 - Level 5.1 Stealth


You had 3 spell levels left.
You didn't know any spells.
Your spell library was empty.

Dungeon Overview and Level Annotations

Branches:
Dungeon (3/15)

Altars:
Sif Muna


Innate Abilities, Weirdness & Mutations

You cannot wear most types of armour.
You are very stealthy in the water. (Stealth+)
You are amphibious.
You can wear up to eight rings at the same time.
You can use your tentacles to constrict eight enemies at once.
Your skin changes colour to match your surroundings (Stealth+).
Your rubbery body absorbs attacks. (AC +1, EV +1)
You passively map a small area around you.
Your muscles are strong. (Str +2)
You expend magic power (3 MP) to strengthen your wands.


Message History

The gnoll hits you with a +0 spear. The bat hits you.
The gnoll hits you from afar with a +0 spear.
You climb upwards.
There is a stone staircase leading down here.
You hit the gnoll. You burn the gnoll. You grab the gnoll.
The gnoll is heavily wounded.
You constrict the gnoll, but do no damage.
The gnoll misses you. The gnoll hits you with a +0 spear.
You hit the gnoll but do no damage.
The gnoll is poisoned.
You grab the gnoll. Your squeeze misses the gnoll. You constrict the gnoll.
You constrict the gnoll, but do no damage.
The gnoll hits you with a +0 whip.
* * * LOW HITPOINT WARNING * * *
The gnoll barely misses you.
It was a potion of curing.
You feel better.
Xom roars with laughter!
You constrict the gnoll. x2; The gnoll hits you with a +0 whip!
* * * LOW HITPOINT WARNING * * *
The gnoll hits you with a +0 spear.
You die...

.......##.....................#.#
..............................#.#
........######................#[#
........#.....................#.#
.#.....#....####..............#.#
.#.<.......รท'.................#.#
.#...###....##.....####.#.....#..
.#...........#.g...####.#.....#.#
.#######.....#..@.......###......
.##.......##.#.g....####......#.#
...........#.#......##........#.#
......)....#.#.##...##........#..
...........#.#...................
..................).............)
.................................
............)....................
##.###............###............


You could see 2 gnolls.

Vanquished Creatures
  3 worms (D:2)
  4 dart slugs
  2 leopard geckos (D:2)
  2 ball pythons
  9 bats
  3 giant cockroaches (D:1)
  2 hobgoblins
  2 frilled lizards
  8 goblins
  7 kobolds
  6 rats
48 creatures vanquished.

Vanquished Creatures (others)
  A goblin (D:1)
1 creature vanquished.

Grand Total: 49 creatures vanquished

Notes
Turn   | Place    | Note
-------+----------+-------------------------------------------
     0 | D:1      | Iskender the Octopode Chaos Knight began the quest for the
                  | Orb.
     0 | D:1      | Reached XP level 1. HP: 16/16 MP: 1/1
     9 | D:1      | XOM: harmless Ice miscast
    45 | D:1      | Reached skill level 1 in Stealth
   150 | D:1      | Reached skill level 2 in Stealth
   151 | D:1      | Reached XP level 2. HP: 16/21 MP: 2/2
   190 | D:1      | XOM: divination: magic mapping
   223 | D:1      | Reached skill level 3 in Stealth
   392 | D:1      | Reached XP level 3. HP: 26/26 MP: 3/3
   512 | D:1      | Reached skill level 4 in Stealth
   619 | D:1      | XOM: medium Erth miscast
   783 | D:1      | XOM: god gift: 2 silver boomerangs
   897 | D:2      | Found a shimmering blue altar of Sif Muna.
   957 | D:2      | Reached skill level 5 in Stealth
   962 | D:2      | Reached XP level 4. HP: 30/31 MP: 4/4
  1132 | D:2      | XOM: give mutations
  1132 | D:2      | Gained mutation: You passively map a small area around you.
                  | [Xom's grace]
  1132 | D:2      | Gained mutation: You expend magic power (3 MP) to
                  | strengthen your wands. [Xom's grace]
  1132 | D:2      | Gained mutation: Your muscles are strong. (Str +2) [Xom's
                  | grace]
  1387 | D:2      | Slain by a gnoll

Levels and vault maps discovered:
D:1:      psy_arrival_basics, layout_basic
D:2:      layout_basic, led_sif_pool
D:3:      layout_rooms, first_ration

Skill      XL: |  1  2  3 |
---------------+----------+-----
Stealth        | 2 3 5 |  5.1
Fighting       | |  3.0
Polearms       | |  3.0
Dodging        | |  2.6

Action                   |  1- 3 |  4- 6 || total
-------------------------+-------+-------++-------
Melee: Spear             |    96 |    15 ||   111
       Constrict         |    20 |     5 ||    25
       Tentacles         |     6 |     1 ||     7
Throw: Dart              |     4 |       ||     4
       Boomerang         |     2 |       ||     2
  Use: Scroll            |     4 |     2 ||     6
       Potion            |       |     1 ||     1
 Stab: Sleeping          |    15 |     3 ||    18
       Petrifying        |     1 |       ||     1
       Paralysed         |     4 |       ||     4
  Eat: Chunk             |       |     1 ||     1
Armor: Skin              |     4 |       ||     4
Dodge: Dodged            |    49 |     6 ||    55
